Map: Acid Plant LE

Players

soul

  • Race: Terran Terran
  • Spawn Location: 11:00

Has - Winner!

  • Race: Protoss Protoss
  • League: Master
  • Spawn Location: 5:00

Event: WCS Austin 2018

VOD

Have the link to the VOD?

Description

Time

  • Played on: June 1, 2018, 10:07 p.m.
  • Length: 4:07

All games in this series

Show
View Real Time Build Order
Export as new Build Order

soul Terran 

Build Orders: Gas First Reaper Expand, Reaper Expand 

Get SALT Encoding   

  12  0:00  SCV  
  13  0:12  SCV  
  14  0:17  Supply Depot  
  14  0:25  SCV  
  15  0:28  Refinery  
  15  0:39  SCV  
  16  0:44  Barracks  
  16  0:51  SCV  
  17  1:03  SCV  
  18  1:15  SCV  
  19  1:32  Orbital Command, Reaper  
  20  1:51  Command Center  
  20  1:56  Factory  
  20  1:59  SCV  
  21  2:06  Barracks Reactor  
  21  2:11  SCV  
  21  2:13  Supply Depot  
  22  2:27  SCV  
  22  2:29  Bunker  
  23  2:33  Refinery  
  23  2:40  Widow Mine  
  23  2:41  SCV  
  26  2:45  Marine x2  
  28  2:55  Starport  
  28  2:56  SCV  
  28  3:03  Marine x2  
  30  3:08  SCV  
  31  3:18  Supply Depot  
  31  3:34  Marine, SCV  
  31  3:37  Marine  
  32  3:42  Supply Depot  
  32  3:43  Supply Depot  
  32  3:46  SCV  
  33  3:51  Refinery  
Show
View Real Time Build Order
Export as new Build Order

Has Protoss - Winner!

Build Orders: Proxy Void Ray 

Get SALT Encoding   

  13  0:09  Pylon  
  13  0:12  Probe  
  13  0:27  Gateway  
  13  0:29  Probe  
  14  0:42  Probe  
  15  0:43  Assimilator  
  15  0:54  Probe  
  15  0:55  Assimilator  
  16  1:09  Pylon  
  16  1:10  Probe  
  17  1:14  Cybernetics Core  
  17  1:22  Probe  
  18  1:26  Assimilator  
  18  1:34  Probe  
  19  1:45  Adept  
  19  1:50  Stargate  
  21  2:03  Shield Battery  
  21  2:10  Adept  
  21  2:14  Probe  
  23  2:25  Void Ray  
  27  2:54  Void Ray  
  27  2:58  Pylon  
  27  3:02  Pylon  
  31  3:20  Shield Battery  
  31  3:21  Shield Battery  
  33  4:00  Shield Battery  
  33  4:02  Shield Battery  
Tags
 
Add a new tag
Caveats
  • Supply blocks, unpowered buildings, or Contaminate may cause inaccurate times.
  • Supply counts are checked every 10 seconds.